 Dungeon Crawl Stone Soup version 0.18.1-50-g88ac8fd (webtiles) character file.

23226 Lovchig the Blocker (level 12, 0/78 HPs)
             Began as a Deep Dwarf Fighter on Sept 20, 2016.
             Was a High Priest of the Shining One.
             Killed from afar by a starcursed mass (8 damage)
             ... with an accursed screaming
             ... on level 2 of the Abyss.
             The game lasted 00:53:56 (12287 turns).

Lovchig the Blocker (Deep Dwarf Fighter)           Turns: 12287, Time: 00:53:57

Health: 0/78       AC: 14    Str: 16 (19) XL:     12   Next: 70%
Magic:  6/7        EV:  4    Int:  6 (7)  God:    the Shining One [*****.]
Gold:   752        SH: 16    Dex:  7 (8)  Spells: 0 memorised, 11 levels left

rFire  x . .     SeeInvis .     a - +2 long sword
rCold  + . .     Gourm    +     z - +0 plate armour
rNeg   + + .     Faith    .     c - +4 shield
rPois  .         Spirit   .     C - +2 hat
rElec  .         Dismiss  .     s - +0 cloak
rCorr  .         Reflect  .     (no gloves)
SustAt .         Harm     .     N - +0 pair of boots
MR     +....     Rnd*Rage +     L - amulet of the gourmand
Stlth  .......... Rnd*Tele +    t - ring of ice
                                E - ring of magical power

@: exhausted, non-regenerating, slowed, glowing, constricted, very slow,
somewhat resistant to hostile enchantments, extremely unstealthy
A: damage resistance, recharge devices, hooves 1, berserk 3, blurry vision 3,
clumsy 2, deformed body, deterioration 2, dopey 2, frail 3, low mp 2, sense
surroundings 2, slow regeneration 3, teleportitis 2, weak 2, subdued magic 3,
MP-powered wands
a: Device Recharging, Divine Shield, Cleansing Flame, Summon Divine Warrior,
Renounce Religion


You were on level 2 of the Abyss.
You worshipped the Shining One.
The Shining One was extremely pleased with you.
You were not hungry.

You visited 2 branches of the dungeon, and saw 13 of its levels.
You visited the Abyss 1 time.
You also visited: Labyrinth and Ossuary.

You collected 752 gold pieces.

Inventory:

Hand Weapons
 a - a +2 long sword (weapon)
Armour
 c - a +4 shield (worn)
 s - a +0 cloak (worn)
 z - a +0 plate armour (worn)
 C - a +2 hat (worn)
 N - a +0 pair of boots (worn)
Jewellery
 t - a ring of ice (right hand)
 E - a ring of magical power (left hand)
 L - an amulet of the gourmand (around neck)
Wands
 e - a wand of heal wounds (1/9)
 k - a wand of flame (29/48)
 r - a wand of slowing (9/48)
 v - a wand of polymorph (11/24)
 x - a wand of teleportation (5/9)
 y - a wand of polymorph (9/24)
 M - a wand of flame (32/48)
Scrolls
 b - 4 scrolls of magic mapping
 h - 6 scrolls of remove curse
 i - 2 scrolls of fog
 j - 2 scrolls of amnesia
 G - a scroll of fear
 I - 2 scrolls of identify
 K - a scroll of recharging
Potions
 d - 2 potions of agility
 g - a potion of berserk rage
 l - a potion of invisibility
 m - 4 potions of haste
 q - 6 potions of curing
 u - 2 potions of might
 w - 2 potions of lignification
 B - a potion of cancellation
 D - 2 potions of flight
 J - a potion of ambrosia
 O - a potion of brilliance
Books
 H - a book of Alchemy

   Spells                             Type                      Level
   a - Sublimation of Blood           Necromancy                   2
   b - Ignite Poison                  Fire/Transmutation/Poison    3
   c - Petrify                        Transmutation/Earth          4
   d - Alistair's Intoxication        Transmutation/Poison         5
   e - Irradiate                      Conjuration/Transmutation    5
Comestibles
 f - 4 bread rations
 n - 2 slices of pizza
 p - 6 meat rations
 A - 10 royal jellies
 F - 9 fruits


   Skills:
 * Level 8.7 Fighting
 * Level 10.3 Long Blades
 * Level 10.7 Armour
 * Level 9.6 Dodging
 + Level 0.6 Stealth
 * Level 13.0 Shields
 + Level 2.6 Evocations


You had 11 spell levels left.
You didn't know any spells.

Dungeon Overview and Level Annotations

Branches:
Dungeon (12/15)            Temple (1/1) D:4            Lair (0/8) D:10
    Orc (0/2) D:11

Altars:
Ashenzari
Cheibriados
Dithmenos
Elyvilon
Fedhas
Gozag
Kikubaaqudgha
Makhleb
Nemelex Xobeh
Okawaru
Pakellas
Qazlal
Ru
Sif Muna
Trog
Vehumet
Xom
Yredelemnul
Zin
The Shining One


Innate Abilities, Weirdness & Mutations

You are resistant to damage.
You can recharge devices by infusing magical energy.
You passively map the area around you.
You do not regenerate naturally.
You have large cloven feet.
You expend magic power (3 MP) to strengthen your wands.
[You have an uncontrollable temper.]
[Scrolls take you much longer to read.]
[You are very clumsy. (Dex -4)]
[Armour fits poorly on your strangely shaped body.]
[Your body often deteriorates upon taking damage.]
[You are very dopey. (Int -4)]
[You are extremely frail (-30% HP).]
[Your magical capacity is very low (-20% MP).]
[You are sometimes teleported next to monsters.]
[You are very weak. (Str -4)]
[Your spells are much easier to cast, but much less powerful.]


Message History

You feel your anger subside.
You are no longer berserk.
You are exhausted.
You feel yourself slow down.
A starcursed mass splits.
The smoke demon gestures at you. Something smites you!
* * * LOW HITPOINT WARNING * * *
You block the starspawn tentacle's attack.
A large abomination comes into view.
The wretched star pulses with an eldritch light!
You feel weirdly uncertain.
You feel even more weirdly uncertain.
The smoke demon twists and deforms.
A starcursed mass splits. x2
A chorus of shrieks assaults your mind.
* * * LOW HITPOINT WARNING * * *
A tentacled starspawn comes into view.
Tentacles burst from the starspawn's body!
The starspawn tentacle grabs you. The starspawn tentacle constricts you.
A starcursed mass splits.
A chorus of shrieks assaults your mind.
You die...

# #.# #.#.# #####
####'#.#####...
#..........X.........
##. . .........## #...
.. .......Λ.+
##..........X.\####
.#... ....│#3w..# .
..#....#...\.*@.#
##.#..........─w........
#. ....................
##....#..XXX#...#.>...#
#. . ....X...........#
....#'##.......# ....#.
#.....w.# #. #.....wX#


You could see 4 starcursed masses, 2 tentacled starspawn, a wretched star, a
large abomination, a smoke demon and 4 starspawn tentacles.

Vanquished Creatures
  An ice dragon (D:11)
  2 death yaks (D:8)
  3 skeletal warriors (D:11)
  An unseen horror (D:11)
  3 hill giants
  An ugly thing (D:11)
  2 griffons (D:8)
  A cyclops (D:11)
  Maurice (D:8)
  2 centaur skeletons
  An orange demon (Abyss:2)
  An ancient zyme (Abyss:2)
  3 polar bears (D:8)
  3 trolls (D:11)
  2 two-headed ogres (D:11)
  Prince Ribbit (D:6)
  Sigmund (D:4)
  11 yaks
  Eustachio (D:6)
  A wyvern (D:11)
  A wraith (Ossuary)
  A basilisk (D:10)
  3 hippogriffs (D:8)
  2 hungry ghosts
  Menkaure (D:6)
  2 soldier ants (D:10)
  Duvessa (D:4)
  3 porcupines (D:10)
  4 sky beasts
  2 small abominations (Abyss:2)
  A phantom (D:10)
  6 orc warriors
  6 ice beasts
  4 black bears
  2 necrophages
  9 ogres
  4 centaurs
  3 wasps (D:10)
  2 wolves (D:8)
  The ghost of Goblin1989 the Firebug, an amateur DsFE (D:3)
  11 big kobolds
  2 crocodiles (D:10)
  A gnoll sergeant (D:11)
  Blork the orc (D:5)
  4 giant frogs
  A wyvern zombie (D:11)
  Dowan (D:4)
  2 scorpions
  4 wights (D:6)
  8 killer bees
  A howler monkey (D:11)
  2 crimson imps
  3 jellies
  4 orc priests
  Crazy Yiuf (D:6)
  7 hounds
  2 giant frog skeletons
  An iguana (D:7)
  10 orc wizards
  3 worker ants
  3 sheep (D:8)
  A mummy (Ossuary)
  A worker ant zombie (D:8)
  3 gnolls (D:11)
  A howler monkey skeleton (D:3)
  11 adders
  3 river rats (D:10)
  4 shadow imps
  An ufetubus (Abyss:2)
  5 worms
  3 dart slugs
  7 giant geckos
  32 orcs
  5 ball pythons
  6 giant cockroaches
  8 goblins
  6 hobgoblins
  12 jackals
  4 quokkas
  10 bats
  2 giant newts
  9 gnoll skeletons (Ossuary)
  A jackal zombie (D:3)
  29 kobolds
  6 kobold skeletons (Ossuary)
  10 orc skeletons (Ossuary)
  2 quokka zombies
  7 rats
  2 rat zombies (D:6)
363 creatures vanquished.

Vanquished Creatures (others)
  A small abomination (Abyss:2)
  6 starspawn tentacles (Abyss:2)
  53 starspawn tentacle segments (Abyss:2)
60 creatures vanquished.

Grand Total: 423 creatures vanquished

Notes
Turn   | Place    | Note
--------------------------------------------------------------
     0 | D:1      | Lovchig the Deep Dwarf Fighter began the quest for the Orb.
     0 | D:1      | Reached XP level 1. HP: 20/20 MP: 1/1
   124 | D:1      | Reached XP level 2. HP: 27/27 MP: 2/2
   427 | D:1      | Reached XP level 3. HP: 22/33 MP: 3/3
   610 | D:2      | Found a radiant altar of Vehumet.
   692 | D:2      | Reached skill level 4 in Shields
   874 | D:2      | Reached skill level 1 in Dodging
   939 | D:2      | Found a shattered altar of Ashenzari.
   939 | D:2      | Found a stormy altar of Qazlal.
   940 | D:2      | Found a sacrificial altar of Ru.
   961 | D:2      | Found a glowing golden altar of the Shining One.
   989 | D:2      | Became a worshipper of the Shining One
  1166 | D:2      | Reached XP level 4. HP: 26/40 MP: 4/4
  1511 | D:3      | Found a sparkling altar of Nemelex Xobeh.
  1612 | D:3      | Noticed Goblin1989's ghost (amateur DsFE)
  1636 | D:3      | Killed Goblin1989's ghost
  1636 | D:3      | Reached XP level 5. HP: 25/49 MP: 5/5
  1664 | D:3      | Found an iron altar of Okawaru.
  2231 | D:4      | Noticed an ogre
  2236 | D:4      | Killed an ogre
  2236 | D:4      | Reached skill level 5 in Shields
  2236 | D:4      | Reached XP level 6. HP: 53/56 MP: 4/4
  2241 | D:4      | Found a staircase to the Ecumenical Temple.
  2415 | D:4      | Reached XP level 7. HP: 19/63 MP: 5/5
  2440 | D:4      | Noticed Sigmund
  2453 | D:4      | Killed Sigmund
  2453 | D:4      | Reached skill level 5 in Armour
  2708 | D:4      | Noticed Dowan
  2709 | D:4      | Reached * piety under the Shining One
  2710 | D:4      | Noticed Duvessa
  2724 | D:4      | Killed Duvessa
  2724 | D:4      | Reached skill level 1 in Evocations
  2736 | D:4      | Killed Dowan
  2736 | D:4      | Reached skill level 6 in Shields
  2792 | D:4      | Reached XP level 8. HP: 32/73 MP: 7/7
  3116 | Temple   | Entered the Ecumenical Temple
  3268 | D:5      | Entered Level 5 of the Dungeon
  3274 | D:5      | Noticed Blork the orc
  3290 | D:5      | Killed Blork the orc
  3296 | D:5      | Gained mutation: You have a pair of small horns on your head. [mutagenic meat]
  3297 | D:5      | Gained mutation: You have large cloven feet. [mutagenic meat]
  3298 | D:5      | Gained mutation: You expend magic power (3 MP) to strengthen your wands. [mutagenic meat]
  3299 | D:5      | Gained mutation: [You are occasionally teleported next to monsters.] [mutagenic meat]
  3300 | D:5      | Lost mutation: [You are occasionally teleported next to monsters.] [mutagenic meat]
  3543 | D:5      | Found a basalt altar of Yredelemnul.
  4084 | D:6      | Found a shadowy altar of Dithmenos.
  4096 | D:6      | Reached skill level 5 in Dodging
  4167 | D:6      | Noticed Eustachio
  4195 | D:6      | Killed Eustachio
  4273 | D:6      | Reached skill level 5 in Long Blades
  4305 | D:6      | Noticed Prince Ribbit
  4317 | D:6      | Killed Prince Ribbit
  4317 | D:6      | Reached skill level 7 in Shields
  4377 | D:6      | Noticed Menkaure
  4387 | D:6      | HP: 2/73 [Menkaure (15)]
  4390 | D:6      | Killed Menkaure
  4390 | D:6      | Reached skill level 5 in Fighting
  4397 | D:6      | Found a sand-covered staircase.
  4426 | Ossuary  | Entered an ossuary
  4429 | Ossuary  | Reached ** piety under the Shining One
  4442 | Ossuary  | Gained mutation: You passively map the area around you. [Deep Dwarf growth]
  4442 | Ossuary  | Reached XP level 9. HP: 42/81 MP: 8/8
  4519 | Ossuary  | Reached *** piety under the Shining One
  4685 | D:6      | Reached skill level 9 in Shields
  4685 | D:6      | Reached XP level 10. HP: 78/94 MP: 6/6
  4822 | D:6      | Noticed Crazy Yiuf
  4827 | D:6      | Killed Crazy Yiuf
  4884 | D:6      | Reached **** piety under the Shining One
  5383 | D:7      | Lost mutation: You have a pair of small horns on your head. [mutagenic meat]
  5384 | D:7      | Gained mutation: [You tend to lose your temper in combat.] [mutagenic meat]
  5385 | D:7      | Gained mutation: [You are weak. (Str -2)] [mutagenic meat]
  5386 | D:7      | Gained mutation: You are robust (+10% HP). [potion of mutation]
  5386 | D:7      | Lost mutation: [You are weak. (Str -2)] [potion of mutation]
  6255 | D:8      | Reached skill level 10 in Shields
  6391 | D:8      | Noticed Maurice
  6409 | D:8      | Killed Maurice
  6717 | D:8      | Found a huge runed gate.
  6718 | D:8      | Found a huge runed gate.
  6719 | D:8      | Found a huge runed gate.
  6719 | D:8      | Noticed a death yak
  6720 | D:8      | Noticed a griffon
  6720 | D:8      | Noticed a death yak
  6720 | D:8      | Found a huge runed gate.
  6720 | D:8      | Noticed a griffon
  7296 | D:8      | Noticed a hill giant
  7307 | D:8      | Killed a hill giant
  7509 | D:8      | Killed a death yak
  7511 | D:8      | Reached XP level 11. HP: 110/110 MP: 2/7
  7526 | D:8      | Killed a death yak
  7536 | D:8      | Killed a griffon
  7558 | D:8      | Killed a griffon
  7608 | D:8      | Reached skill level 11 in Shields
  7850 | D:9      | Found an oddly glowing altar of Pakellas.
  7864 | D:9      | Reached ***** piety under the Shining One
  8444 | D:10     | Entered Level 10 of the Dungeon
  8581 | D:10     | Found a staircase to the Lair.
  8589 | D:10     | Noticed a hill giant
  8606 | D:10     | Killed a hill giant
  8844 | D:10     | Reached skill level 10 in Armour
  9313 | D:11     | Found a staircase to the Orcish Mines.
  9403 | D:11     | Reached XP level 12. HP: 90/121 MP: 6/6
  9592 | D:11     | Reached skill level 12 in Shields
 10040 | D:11     | Noticed an ice dragon
 10060 | D:11     | Killed an ice dragon
 10060 | D:11     | Reached skill level 10 in Long Blades
 10272 | D:11     | Gained mutation: [You are clumsy. (Dex -2)] [mutagenic meat]
 10430 | D:11     | Lost mutation: You are robust (+10% HP). [mutagenic meat]
 10753 | D:12     | Found a labyrinth entrance.
 10780 | D:12     | Reached skill level 13 in Shields
 10795 | Lab      | Entered a labyrinth
 11860 | Lab      | Noticed a minotaur
 11871 | Lab      | Cast into level 2 of the Abyss (minotaur)
 11928 | Abyss:2  | Noticed a starcursed mass
 11951 | Abyss:2  | Paralysed by accursed screaming for 1 turns
 12052 | Abyss:2  | Found a shadowy altar of Dithmenos.
 12116 | Abyss:2  | Noticed a tentacled starspawn
 12235 | Abyss:2  | Noticed a tentacled starspawn
 12284 | Abyss:2  | Noticed a starcursed mass
 12287 | Abyss:2  | Noticed a tentacled starspawn
 12287 | Abyss:2  | Killed from afar by a starcursed mass

Skill      XL: |  1  2  3  4  5  6  7  8  9 10 11 12 |
---------------+-------------------------------------+-----
Shields        | 4 5 6 7 9 10 11 13 | 13.0
Dodging        | 1 2 3 4 5 7 8 9 |  9.6
Fighting       | 3 4 5 7 8 |  8.7
Armour         | 4 5 6 8 9 10 | 10.7
Long Blades    | 3 4 5 7 8 9 10 | 10.3
Evocations     | 1 2 |  2.6
Stealth        | |  0.6

Action                   |  1- 3 |  4- 6 |  7- 9 | 10-12 || total
-------------------------+-------+-------+-------+-------++-------
Melee: Long sword        |   210 |   150 |   272 |  1141 ||  1773
       Kick              |       |       |    52 |   337 ||   389
       Headbutt          |       |       |    38 |    12 ||    50
 Abil: Device Recharging |       |     2 |     3 |     8 ||    13
Evoke: Wand              |     1 |     4 |    11 |    38 ||    54
  Use: Potion            |       |     1 |     1 |    16 ||    18
       Scroll            |       |       |    18 |     6 ||    24
  Eat: Chunk             |     1 |     5 |     9 |    52 ||    67
       Beef jerky        |       |       |     1 |       ||     1
       Bread ration      |       |       |     1 |       ||     1
Armor: Scale mail        |   122 |    55 |    33 |       ||   210
       Chain mail        |       |       |    97 |    22 ||   119
       Plate armour      |       |       |       |   453 ||   453
Dodge: Dodged            |    71 |    63 |   107 |   394 ||   635
Block: Shield            |   162 |   122 |   214 |  1107 ||  1605
